 Dungeon Crawl Stone Soup version 0.32-a0-350-g4f4d228785 (webtiles) character file.

Game seed: 13602550535192626121

1226 SmokeWeed the Magician (level 8, -12/41 HPs)
             Began as a Deep Elf Summoner on Feb 17, 2024.
             Was an Initiate of Makhleb.
             Mangled by a boulder beetle (18 damage)
             ... on level 6 of the Dungeon.
             The game lasted 00:23:37 (5347 turns).

SmokeWeed the Magician (Deep Elf Summoner)          Turns: 5347, Time: 00:23:38

Health: -12/41     AC: 10    Str:  5    XL:     8   Next: 23%
Magic:  17/21      EV: 12    Int: 23    God:    Makhleb [......]
Gold:   247        SH:  0    Dex: 15    Spells: 11/22 levels left

rFire   . . .        j - +1 rapier
rCold   . . .        f - orb {*channel}
rNeg    . . .        h - +0 leather armour
rPois   .            (no helmet)
rElec   .            (no cloak)
rCorr   .            i - +2 pair of gloves
SInv    .            (no boots)
Will    .....        (no amulet)
Stlth   ++           v - +4 ring of protection
HPRegen 0.26/turn    (no ring)
MPRegen 0.17/turn

%: channel magic (20%)
@: about to teleport, unable to call your familiar, very slightly contaminated
A: no striking features
a: Renounce Religion


You were on level 6 of the Dungeon.
You worshipped Makhleb.
Makhleb was noncommittal.
You visited 2 branches of the dungeon, and saw 7 of its levels.

You collected 247 gold pieces.

Inventory:

Hand Weapons
 c - a +0 sling
 e - a +0 short sword
 j - a +1 rapier (weapon)
 l - a +0 mace of protection
 t - a +5 club
Missiles
 u - 8 poisoned darts
 y - 6 boomerangs
Armour
 d - a +0 robe
 f - an orb of energy (worn)
 h - a +0 leather armour (worn)
 i - a +2 pair of gloves (worn)
Jewellery
 k - a ring of ice
 v - a +4 ring of protection (left hand)
 z - a +6 ring of intelligence
Wands
 g - a wand of mindburst (12)
 s - a wand of flame (22)
Scrolls
 x - a scroll of immolation
 B - a scroll of identify
Potions
 a - 5 potions of curing
 b - 2 potions of magic
 m - 7 potions of enlightenment
 n - 2 potions of berserk rage
 o - 2 potions of degeneration
 p - 3 potions of lignification
 q - 2 potions of heal wounds
 w - a potion of attraction {unknown}
 A - a potion of might {unknown}


   Skills:
 + Level 0.2 Fighting
 + Level 2.6 Short Blades
 + Level 0.4 Throwing
 + Level 1.8 Armour
 + Level 3.1 Dodging
 + Level 4.1 Stealth
 + Level 7.7 Spellcasting
 + Level 7.1 Summonings
 * Level 1.8 Necromancy
 * Level 3.5 Air Magic


You had 11 spell levels left.
You knew the following spells:

 Your Spells              Type           Power      Damage    Failure   Level
a - Summon Small Mammal   Summ           100%       N/A       4%          1
b - Call Imp              Summ           82%        N/A       4%          2
c - Call Canine Familiar  Summ           41%        N/A       8%          3
d - Summon Lightning Spi  Summ/Air       33%        N/A       30%         4
e - Necrotise             Necr           68%        1d7       16%         1

Your spell library contained the following spells:

 Spells                   Type           Power      Damage    Failure   Level
 Vampiric Draining        Necr           17%        2d7       34%         3
 Martyr's Knell           Necr/Summ      29%        N/A       38%         4
 Summon Blazeheart Golem  Fire/Summ      25%        N/A       47%         4
 Curse of Agony           Necr           17%        N/A       94%         5


Dungeon Overview and Level Annotations

Branches:
Dungeon (6/15)             Temple (1/1) D:5

Altars:
Ashenzari
Cheibriados
Dithmenos
Elyvilon
Fedhas
Hepliaklqana
Kikubaaqudgha
Makhleb
Nemelex Xobeh
Okawaru
Qazlal
Ru
Sif Muna
Trog
Uskayaw
Vehumet
Wu Jian
Xom
Yredelemnul
The Shining One

Annotations:
D:3 3 runed translucent doors, Tollund's ghost, amateur TrSh


Message History

Casting: Necrotise (safe; 16% risk of failure)
Confirm with . or Enter, or press ? or * to list all spells.
Aiming: Necrotise (safe; 16% risk of failure)
Press: ? - help, Shift-Dir - straight line, f/p - boulder beetle
Aim: a boulder beetle (chance to affect: 59%)
You miscast Necrotise.
Nothing appears to happen.
Magical energy flows into your mind! The boulder beetle bites you!
The boulder beetle attacks as it pursues you!
The boulder beetle closely misses you.
Found 9 gold pieces.
The boulder beetle attacks as it pursues you!
The boulder beetle bites you!!
Ouch! That really hurt!
* * * LOW HITPOINT WARNING * * *
Casting: Necrotise (safe; 16% risk of failure)
Confirm with . or Enter, or press ? or * to list all spells.
You call for your canine familiar and it appears with a howl!
The boulder beetle closely misses you.
The boulder beetle attacks as it pursues you!
The boulder beetle barely misses you.
Your inugami hits the boulder beetle but does no damage.
Casting: Call Canine Familiar (dangerous; 8% risk of failure)
Confirm with . or Enter, or press ? or * to list all spells.
A tiny devil pulls itself out of the air.
The boulder beetle bites you but does no damage.
Your inugami hits the boulder beetle but does no damage.
The boulder beetle curls into a ball and begins rolling!
Your inugami hits the boulder beetle.
Your cerulean imp completely misses the boulder beetle.
The boulder beetle hits your inugami!!!
Your inugami dies!
Your inugami disappears in a puff of smoke!
The boulder beetle stops rolling and uncurls.
Your cerulean imp hits the boulder beetle from afar with a +0 spear.
The boulder beetle curls into a ball and begins rolling!
Your cerulean imp hits the boulder beetle but does no damage.
Your cerulean imp hits the boulder beetle but does no damage.
As you read the scroll of teleportation, it crumbles to dust.
You feel strangely unstable. The boulder beetle hits you!!
You die...

.............#
.............#
............# #
.......... #..
#.....#####....
+..............
####...°....#
#.....○...#.#
#...@B..5.#.#
#.........#..
#.........###.
#.........# #.#
#.........# #>#
#.........# #.#
# #.........#
#.# #
#.........# #.#
# #.........#
#.#


You could see a boulder beetle (rolling, ally target) and a friendly cerulean
imp (summoned).

Vanquished Creatures
  A wyvern (D:5)
  An iguana (D:5)
  A sleepcap (D:6)
  4 adders
  A white imp (D:5)
  An orc (D:6)
  2 ball pythons
  An endoplasm (D:4)
  4 giant cockroaches
  2 goblins (D:2)
  3 hobgoblins
  A quokka (D:4)
  A bat (D:3)
  3 kobolds
  3 rats
29 creatures vanquished.

Vanquished Creatures (collateral kills)
  Menkaure (D:4)
  An orc warrior (D:6)
  Pargi (D:4)
  A phantom (D:5)
  A scorpion (D:5)
  3 jellies
  2 orc priests
  2 bombardier beetles (D:4)
  Ijyb (D:4)
  An orc wizard (D:3)
  5 gnolls
  5 adders
  A shadow imp (D:5)
  5 dart slugs
  5 ribbon worms
  6 orcs
  8 endoplasms
  2 giant cockroaches
  3 goblins
  A hobgoblin (D:4)
  2 jackals (D:1)
  5 quokkas
  6 ball pythons
  6 bats
  2 frilled lizards (D:3)
  7 kobolds
  3 rats
86 creatures vanquished.

Grand Total: 115 creatures vanquished

Notes
Turn   | Place    | Note
-------+----------+-------------------------------------------
     0 | D:1      | SmokeWeed the Deep Elf Summoner began the quest for the
                  | Orb.
     0 | D:1      | Reached XP level 1. HP: 10/10 MP: 6/6
   246 | D:1      | Reached XP level 2. HP: 15/15 MP: 6/8
   256 | D:1      | Learned a level 2 spell: Call Imp
   358 | D:1      | Reached skill level 5 in Summonings
   677 | D:1      | Reached XP level 3. HP: 19/19 MP: 7/10
   991 | D:2      | Found a basalt altar of Yredelemnul.
  1036 | D:2      | Learned a level 3 spell: Call Canine Familiar
  1174 | D:2      | Reached XP level 4. HP: 18/24 MP: 10/12
  2154 | D:3      | Found a glowing golden altar of the Shining One.
  2431 | D:3      | Reached XP level 5. HP: 28/28 MP: 14/14
  2484 | D:3      | Reached skill level 1 in Armour
  2484 | D:3      | Reached skill level 5 in Spellcasting
  2496 | D:3      | Found a runed translucent gate.
  2498 | D:3      | Noticed Tollund's ghost (amateur TrSh)
  2540 | D:3      | Found a faded altar of an unknown god.
  2727 | D:3      | Reached skill level 1 in Short Blades
  2771 | D:3      | Found a runed translucent gate.
  2782 | D:3      | Found a runed translucent gate.
  3139 | D:4      | Reached XP level 6. HP: 29/32 MP: 11/15
  3159 | D:4      | Learned a level 4 spell: Summon Lightning Spire
  3357 | D:4      | Noticed Ijyb
  3402 | D:4      | Killed Ijyb
  3616 | D:4      | Reached skill level 1 in Air Magic
  3767 | D:4      | Noticed Pargi
  3777 | D:4      | Killed Pargi
  3778 | D:4      | Reached XP level 7. HP: 36/36 MP: 13/18
  3979 | D:4      | Noticed Menkaure
  3988 | D:4      | Killed Menkaure
  4186 | D:5      | Entered Level 5 of the Dungeon
  4230 | D:5      | Noticed a wyvern
  4244 | D:5      | Killed a wyvern
  4369 | D:5      | Learned a level 1 spell: Necrotise
  4385 | D:5      | Reached skill level 1 in Necromancy
  4540 | D:5      | Reached XP level 8. HP: 41/41 MP: 21/21
  4688 | D:5      | Found a shimmering blue altar of Sif Muna.
  4843 | D:5      | Found a staircase to the Ecumenical Temple.
  4855 | Temple   | Entered the Ecumenical Temple
  4919 | Temple   | Became a worshipper of Makhleb the Destroyer
  5298 | D:6      | Found a hazy altar of Hepliaklqana.
  5333 | D:6      | Noticed a boulder beetle
  5347 | D:6      | Mangled by a boulder beetle

Illustrated notes

Levels and vault maps discovered:
D:1:      dpeg_arrival_ternary, layout_basic
D:2:      layout_basic, basic_altar, serial_co_window_serial, co_window_paths_a,
          co_window_paths_b, co_window_paths_a, co_window_paths_a,
          co_window_paths_a, co_window_cross_1, co_window_corner_b,
          co_window_broadway_c, co_window_broadway_c, co_window_paths_d,
          co_window_4corner_b
D:3:      minmay_thinvault, layout_rooms, mainiacjoe_overflow_paths,
          gammafunk_ghost_split, shapermc_ecumenical_altar_flowoftime,
          st_stairs_6
D:4:      layout_basic, uniq_pargi, uniq_ijyb, uniq_menkaure
D:5:      layout_cave_pools, mainiacjoe_overflow_concentric_impassable,
          temple_hall
D:6:      layout_basic, nicolae_hepliaklqana_hazy_memory
Temple:   bh_familiar_temple

Skill      XL: |  1  2  3  4  5  6  7  8 |
---------------+-------------------------+-----
Summonings     | 5 6 7 |  7.1
Spellcasting   | 4 5 6 7 |  7.7
Stealth        | 3 4 |  4.1
Armour         | 1 |  1.8
Short Blades   | 1 2 |  2.6
Dodging        | 3 |  3.1
Air Magic      | 2 3 |  3.5
Necromancy     | 1 |  1.8
Fighting       | |  0.2
Throwing       | |  0.4

Action                     |  1- 3 |  4- 6 |  7- 9 || total
---------------------------+-------+-------+-------++-------
  Melee: Rapier            |    17 |    55 |    56 ||   128
  Throw: Dart              |       |     3 |     1 ||     4
   Cast: Summon Small Mamm |    31 |    17 |    10 ||    58
         Call Imp          |     7 |    32 |    12 ||    51
         Call Canine Famil |       |     9 |    10 ||    19
         Necrotise         |       |       |     1 ||     1
  Evoke: Wand              |       |       |     1 ||     1
    Use: Scroll            |       |    10 |     7 ||    17
   Stab: Sleeping          |       |     6 |     2 ||     8
 Armour: Robe              |     9 |       |       ||     9
         Leather armour    |    33 |    39 |    40 ||   112
  Dodge: Dodged            |    35 |    52 |    31 ||   118

Table legend: (Time is in decaauts)
 A = Elapsed time spent in this place.
 B = Non-inter-level travel time spent in this place.
 C = Inter-level travel time spent in this place.
 D = Time resting spent in this place.
 E = Time spent auto-exploring this place.
 F = Levels seen in this place.
 G = Mean time per level.
                   A        B        C        D        E       F      G
               +--------+--------+--------+--------+--------+-----+--------+
         Total |   5362 |   5229 |    133 |    258 |   3403 |   7 |  766.0 |
       Dungeon |   5270 |   5151 |    119 |    258 |   3403 |   6 |  878.3 |
        Temple |     92 |     78 |     14 |      0 |      0 |   1 |   92.0 |
               +--------+--------+--------+--------+--------+-----+--------+

Top non-repeatable levels by time:
     D:2: 1166 daAuts
     D:3: 1101 daAuts
     D:4: 1068 daAuts
     D:1: 859 daAuts
     D:5: 734 daAuts
     D:6: 340 daAuts
  Temple: 92 daAuts
